[Event "Titled Tuesday Blitz March 14 Late 2023"]
[White "Thomforde-Toates, Noah"]
[Black "Naroditsky, Daniel"]
[WhiteFideId "30951992"]
[BlackFideId "2026961"]
[WhiteElo "2628"]
[BlackElo "2633"]
[Result "0-1"]
[Round "04"]
[TimeControl "180+1"]
[Date "2023.03.14"]
[WhiteClock "0:00:11"]
[BlackClock "0:00:13"]

1. c4 e5 2. Nc3 Bb4 3. g3 Bxc3 4. bxc3 Nf6 5. Bg2 O-O 6. d4 Nc6 7. Nf3 e4 8. Nd2 Re8 9. O-O d6 10. e3 Bf5 11. Rb1 b6 12. Ba3 Qd7 13. Qa4 h5 14. Rbe1 h4 15. f3 hxg3 16. hxg3 exf3 17. Nxf3 Be4 18. Ng5 Bxg2 19. Kxg2 Qg4 20. Qxc6 Qxg5 21. e4 Qd2+ 22. Kh3 Qxc3 23. e5 Nh5 24. Qf3 Qxf3 25. Rxf3 dxe5 26. Rxe5 Rxe5 27. dxe5 g6 28. Be7 Re8 29. Bf6 Nxf6 30. exf6 Re6 31. Kg4 Rc6 32. Kg5 Rc5+ 33. Kg4 Rxc4+ 34. Kg5 Rc5+ 35. Kg4 Kf8 36. Rd3 Ke8 37. Re3+ Kd7 38. Re7+ Kd6 39. Rxf7 Rf5 40. Kh4 c5 41. g4 Ke6 42. Rxa7 Rf4 43. Rb7 Rxf6 44. Rxb6+ Ke5 45. Rxf6 Kxf6 46. Kg3 Ke5 47. a4 Kd5 48. Kf4 Kc4 49. Ke4 Kb4 50. Kd5 c4 51. Kd4 c3 52. a5 c2 53. a6 c1=Q 54. a7 Qc5+ 55. Ke4 Qxa7 0-1


[Site "https://www.chess.com"]

[Event "Titled Tuesday Blitz March 14 Late 2023"]
[White "Tica, Sven"]
[Black "Foerster-Yialamas, Lucas"]
[WhiteFideId "14526948"]
[BlackFideId "30901774"]
[WhiteElo "2348"]
[BlackElo "2067"]
[Result "0-1"]
[Round "04"]
[TimeControl "180+1"]
[Date "2023.03.14"]
[WhiteClock "0:01:31"]
[BlackClock "0:00:05"]

1. e4 c5 2. Nc3 Nc6 3. f4 e6 4. Nf3 d5 5. Bb5 Ne7 6. d3 a6 7. Bxc6+ Nxc6 8. O-O b5 9. Qe1 Be7 10. Qg3 O-O 11. f5 d4 12. Bh6 Bf6 13. e5 Nxe5 14. Ne4 Nxf3+ 15. Rxf3 exf5 16. Raf1 Re8 17. Nd6 Be5 18. Re1 Qxd6 19. Qxg7+ Bxg7 20. Rxe8+ Qf8 21. Rxf8+ Kxf8 22. Bf4 c4 23. Bd6+ Kg8 24. Rg3 f6 25. Bc5 cxd3 26. cxd3 Be6 27. Bxd4 Kf7 28. a3 Bd5 29. Rh3 h6 30. g3 Rc8 31. Rh4 Rc2 32. Bc3 Rg2+ 33. Kf1 Rc2 34. Rd4 Bg2+ 35. Ke1 Bf3 36. Rd7+ Kg6 37. h4 h5 38. Rd6 f4 39. gxf4 Kf5 40. Rxa6 Kxf4 41. Ra7 Bh6 42. Bd2+ Rxd2 43. Kxd2 Kg4+ 44. Kc3 Kxh4 45. Ra5 Bg5 46. Rxb5 Kg3 47. a4 h4 48. Rb8 h3 49. Rh8 h2 50. a5 h1=Q 51. Rxh1 Bxh1 52. b4 Be3 53. b5 f5 54. d4 f4 55. b6 Bb7 56. Kc4 f3 57. Kb5 f2 58. a6 Bxa6+ 59. Kxa6 f1=Q+ 60. Ka7 Qf7+ 61. b7 Bxd4+ 62. Ka8 Qa2+ 63. Kb8 Be5+ 64. Kc8 Qe6+ 65. Kd8 Qd6+ 66. Ke8 Bf6 67. Kf7 Qe7+ 68. Kg6 Qd8 69. Kf5 Kf3 70. Kg6 Kg4 71. Kh7 Qe7+ 72. Kg6 Qg7# 0-1


[Site "https://www.chess.com"]

[Event "Titled Tuesday Blitz March 14 Late 2023"]
[White "Urazayev, Arystanbek"]
[Black "Garrido Dominguez, Jesus"]
[WhiteFideId "13709810"]
[BlackFideId "2254174"]
[WhiteElo "2479"]
[BlackElo "2385"]
[Result "1-0"]
[Round "04"]
[TimeControl "180+1"]
[Date "2023.03.14"]
[WhiteClock "0:00:23"]
[BlackClock "0:00:01"]

1. e4 d6 2. d4 Nf6 3. Nc3 e5 4. Nf3 Nbd7 5. Bc4 Be7 6. O-O O-O 7. Re1 c6 8. a4 b6 9. h3 a6 10. Ba2 Rb8 11. dxe5 dxe5 12. Rb1 b5 13. axb5 axb5 14. b4 Qc7 15. Nh4 Nb6 16. Qf3 Be6 17. Nf5 Bxf5 18. Qxf5 Nc4 19. Bg5 g6 20. Qf3 Nh5 21. Bh6 Rfd8 22. Qe2 Rd4 23. Red1 Rbd8 24. Rd3 Nf4 25. Bxf4 exf4 26. Rbd1 Rxd3 27. cxd3 Ne5 28. d4 Bxb4 29. Qb2 Bxc3 30. Qxc3 f3 31. gxf3 Qa7 32. Bd5 cxd5 33. dxe5 d4 34. Qb3 Qc5 35. e6 fxe6 36. Qxe6+ Kg7 37. e5 Rf8 38. Qd7+ Rf7 39. Qxd4 Qxd4 40. Rxd4 Rxf3 41. Rd7+ Kh6 42. Rb7 Rxh3 43. e6 Rh5 44. f4 Rc5 45. Kf2 Rc6 46. e7 Re6 47. f5 gxf5 48. Rb6 Rxb6 49. e8=Q Rg6 50. Qxb5 Rf6 51. Qe8 Rg6 52. Qf7 Rg7 53. Qf6+ Rg6 54. Qxf5 Kg7 55. Qd7+ Kg8 56. Kf3 Kh8 57. Qf7 Rg7 58. Qf6 Kg8 59. Ke4 Rg6 60. Qe7 Rg4+ 61. Kf5 Rg6 62. Qd8+ Kg7 63. Qe8 Rf6+ 64. Ke5 Rg6 65. Qe7+ Kg8 66. Kf5 Rg2 67. Qd8+ Kg7 68. Qd4+ Kh6 69. Kf6 1-0


[Site "https://www.chess.com"]

[Event "Titled Tuesday Blitz March 14 Late 2023"]
[White "Urbina Perez, Juan Antonio"]
[Black "Avalos Parra, Joao"]
[WhiteFideId "2217368"]
[BlackFideId "3402541"]
[WhiteElo "2197"]
[BlackElo "2173"]
[Result "1-0"]
[Round "04"]
[TimeControl "180+1"]
[Date "2023.03.14"]
[WhiteClock "0:00:13"]
[BlackClock "0:00:15"]

1. c4 e6 2. g3 d5 3. Bg2 Nf6 4. Nf3 d4 5. O-O c5 6. b4 cxb4 7. a3 Nc6 8. d3 Bc5 9. axb4 Bxb4 10. Ba3 Bxa3 11. Nxa3 O-O 12. Qb3 Re8 13. Rfb1 e5 14. Nd2 Re7 15. Ne4 Nxe4 16. Bxe4 h6 17. Nb5 a6 18. Na3 Be6 19. Qb6 f5 20. Bg2 Qc8 21. Rb2 f4 22. Rab1 fxg3 23. hxg3 Rf7 24. Qc5 Rc7 25. Bxc6 bxc6 26. Qxe5 Qd7 27. Rb8+ Rc8 28. Nc2 Kh7 29. Rxc8 Rxc8 30. Nxd4 Bf7 31. Qf5+ Qxf5 32. Nxf5 a5 33. Nd6 Rc7 34. Ra1 Bh5 35. f3 Ra7 36. g4 Bg6 37. Ra4 h5 38. gxh5 Bxh5 39. Kf2 Kh6 40. Nf5+ Kg5 41. Nd4 Be8 42. c5 Kf6 43. Nb3 Ke5 44. Rxa5 Rb7 45. Nd2 Kd5 46. Ne4 Rb2 47. Ke3 Bg6 48. Nc3+ Ke5 49. Ra7 Kf6 50. Rc7 Be8 51. Ne4+ Ke6 52. Rxg7 Rc2 53. Rh7 Bg6 54. Rh6 Kf7 55. Rh8 Bxe4 56. fxe4 Rxc5 57. Rh6 Ke7 58. Kd4 Rc1 59. Rg6 Kd7 60. Ke5 Re1 61. Rg2 Rh1 62. d4 Ra1 63. d5 cxd5 64. exd5 Ra5 65. Rg7+ Ke8 66. e4 Kd8 67. Ke6 Ra1 68. d6 Kc8 69. Rg8+ Kb7 70. d7 Rd1 71. d8=Q Rxd8 72. Rxd8 Kc6 73. Rd6+ Kc7 74. Kd5 Kb7 75. e5 Kc7 76. e6 Kc8 77. e7 Kc7 78. e8=Q Kb7 79. Qe7+ Kc8 80. Rd8# 1-0


[Site "https://www.chess.com"]

[Event "Titled Tuesday Blitz March 14 Late 2023"]
[White "Vargas Pereda, Jesus Manue"]
[Black "Abrosimov, Vladimir"]
[WhiteFideId "5115710"]
[BlackFideId "4166892"]
[WhiteElo "1914"]
[BlackElo "2336"]
[Result "0-1"]
[Round "04"]
[TimeControl "180+1"]
[Date "2023.03.14"]
[WhiteClock "0:00:11"]
[BlackClock "0:00:24"]

1. d4 Nf6 2. Bf4 d6 3. Nc3 Nbd7 4. Nf3 g6 5. Qd2 Bg7 6. O-O-O O-O 7. e4 c6 8. Bh6 Qc7 9. h4 b5 10. Bd3 c5 11. h5 c4 12. Bxg7 Kxg7 13. hxg6 fxg6 14. Qh6+ Kf7 15. Nxb5 Qc6 16. e5 Qxb5 17. exf6 Nxf6 18. Ng5+ Ke8 19. Bxg6+ hxg6 20. Qxg6+ Kd7 21. d5 Kc7 22. Rh7 Nxh7 23. Nxh7 Rd8 24. Re1 Rd7 25. Nf8 Rb8 26. Ne6+ Kb7 27. Nd4 Qxd5 28. c3 Ka8 29. f4 Rdb7 30. Re2 e5 31. fxe5 dxe5 32. Nc6 Rb6 33. Qe4 Qxe4 34. Rxe4 Rxc6 0-1


[Site "https://www.chess.com"]

[Event "Titled Tuesday Blitz March 14 Late 2023"]
[White "Visakh N R"]
[Black "Daneshvar, Bardiya"]
[WhiteFideId "25012223"]
[BlackFideId "12576468"]
[WhiteElo "2466"]
[BlackElo "2468"]
[Result "1-0"]
[Round "04"]
[TimeControl "180+1"]
[Date "2023.03.14"]
[WhiteClock "0:01:56"]
[BlackClock "0:01:15"]

1. e4 c5 2. Nf3 g6 3. c3 d5 4. Bb5+ Bd7 5. Bxd7+ Qxd7 6. Qe2 dxe4 7. Qxe4 Nf6 8. Qe2 Nc6 9. Na3 Bg7 10. Nc4 O-O 11. O-O Rad8 12. Nce5 Nxe5 13. Nxe5 Qe6 14. Re1 Nd5 15. Nf3 Nf4 16. Qxe6 Nxe6 17. g3 Rd5 18. a4 c4 19. a5 Nc5 20. Rxe7 Bf6 21. Rc7 Bd8 22. Rc8 Be7 23. Rxf8+ Kxf8 24. Nd4 Bf6 25. b4 Bxd4 26. bxc5 Bxc5 27. Ra4 Rf5 28. Rxc4 Bxf2+ 29. Kg2 Bc5 30. Rxc5 1-0


[Site "https://www.chess.com"]

[Event "Titled Tuesday Blitz March 14 Late 2023"]
[White "Volkov, Maksim"]
[Black "Harish, Neeraj"]
[WhiteFideId "54123070"]
[BlackFideId "30958130"]
[WhiteElo "2312"]
[BlackElo "1963"]
[Result "1-0"]
[Round "04"]
[TimeControl "180+1"]
[Date "2023.03.14"]
[WhiteClock "0:00:42"]
[BlackClock "0:00:45"]

1. e4 c5 2. Nf3 Nc6 3. d4 cxd4 4. Nxd4 Nf6 5. Nc3 e5 6. Ndb5 d6 7. Bg5 a6 8. Na3 b5 9. Nd5 Be7 10. Bxf6 Bxf6 11. c3 Rb8 12. Nc2 Bg5 13. a4 bxa4 14. Ncb4 Nxb4 15. cxb4 O-O 16. h4 Bh6 17. Rxa4 a5 18. b5 Bd7 19. Nc3 d5 20. exd5 Kh8 21. Bc4 f5 22. d6 e4 23. g3 e3 24. f4 Qf6 25. Rxa5 Qg6 26. Ne2 Rb6 27. Ra6 Rfb8 28. Qd4 Rxb5 29. Bxb5 Bxb5 30. Rb6 Rxb6 31. Qxb6 Qe8 32. Nd4 Bd3 33. d7 1-0


[Site "https://www.chess.com"]

[Event "Titled Tuesday Blitz March 14 Late 2023"]
[White "Wadsworth, Matthew J"]
[Black "Van Foreest, Jorden"]
[WhiteFideId "415804"]
[BlackFideId "1039784"]
[WhiteElo "2330"]
[BlackElo "2633"]
[Result "0-1"]
[Round "04"]
[TimeControl "180+1"]
[Date "2023.03.14"]
[WhiteClock "0:00:02"]
[BlackClock "0:00:13"]

1. Nf3 d5 2. g3 Nd7 3. d4 Nb6 4. Nbd2 Bf5 5. Nh4 Bd7 6. Bg2 Nf6 7. O-O e6 8. e4 dxe4 9. Nxe4 Be7 10. Nc5 Nfd5 11. Nxb7 Qc8 12. Nc5 Bxh4 13. Nxd7 Qxd7 14. gxh4 O-O 15. h5 h6 16. Qg4 f5 17. Qh4 f4 18. Be4 Nc4 19. c3 Nd6 20. Bxd5 exd5 21. Bxf4 Nf5 22. Qg4 Rf7 23. Be5 Raf8 24. Kh1 Qe7 25. Rg1 Qh4 26. Qxh4 Nxh4 27. f4 c6 28. Rg4 Nf5 29. Rag1 Rc8 30. b4 Re7 31. Rg6 Kh7 32. a4 a6 33. a5 Kh8 34. h3 Kh7 35. Kh2 Rf7 36. Re6 Nh4 37. Rg4 Nf3+ 38. Kg3 Nd2 39. Reg6 Ne4+ 40. Kf3 Rcc7 41. Bxc7 Rxc7 42. f5 Rf7 43. Kf4 Nxc3 44. Rxc6 Ne4 45. Ke5 Ng5 0-1


[Site "https://www.chess.com"]

[Event "Titled Tuesday Blitz March 14 Late 2023"]
[White "Wu, Sibo"]
[Black "Pakleza, Zbigniew"]
[WhiteFideId "8606048"]
[BlackFideId "1119290"]
[WhiteElo "2423"]
[BlackElo "2410"]
[Result "0-1"]
[Round "04"]
[TimeControl "180+1"]
[Date "2023.03.14"]
[WhiteClock "0:00:38"]
[BlackClock "0:00:16"]

1. d4 d6 2. Bf4 Nc6 3. Nc3 e5 4. dxe5 dxe5 5. Qxd8+ Kxd8 6. O-O-O+ Bd7 7. Bg3 Kc8 8. Nf3 f6 9. e4 Be6 10. Bb5 Nge7 11. Nd5 a6 12. Bc4 Bg4 13. a3 b5 14. Ba2 Kb7 15. h3 Bh5 16. Rd3 Nc8 17. Nd2 Bc5 18. f4 Re8 19. c3 Nd6 20. Re1 Rad8 21. f5 Ba7 22. Kc2 Kb8 23. Rf1 Be2 24. Re1 Bxd3+ 25. Kxd3 Ne7 26. Kc2 Ndxf5 27. Nxf6 Ne3+ 28. Rxe3 Bxe3 29. Nxe8 Rxd2+ 30. Kb3 Nc6 31. a4 Rxg2 32. Be1 Kc8 33. axb5 axb5 34. c4 Nd4+ 35. Kc3 b4+ 36. Kxb4 Nc2+ 37. Kb5 Nxe1 0-1


[Site "https://www.chess.com"]

[Event "Titled Tuesday Blitz March 14 Late 2023"]
[White "Xu, Yi"]
[Black "Koellner, Ruben Gideon"]
[WhiteFideId "8605564"]
[BlackFideId "12993093"]
[WhiteElo "2471"]
[BlackElo "2303"]
[Result "0-1"]
[Round "04"]
[TimeControl "180+1"]
[Date "2023.03.14"]
[WhiteClock "0:00:10"]
[BlackClock "0:01:02"]

1. e4 d6 2. d4 Nf6 3. Nc3 e5 4. Nf3 Nbd7 5. Bc4 Be7 6. O-O c6 7. a4 h6 8. Re1 Qc7 9. h3 Nf8 10. b3 Ng6 11. Bf1 O-O 12. g3 b6 13. Bg2 a6 14. Bb2 Bb7 15. Qd3 b5 16. Rad1 Rfd8 17. Ba3 Bf8 18. Qe3 exd4 19. Nxd4 c5 20. Nf5 b4 21. Bb2 bxc3 22. Bxc3 Nd7 23. f4 Re8 24. Qf3 c4 25. Kh2 Nc5 26. Rd4 cxb3 27. cxb3 Bxe4 28. Rdxe4 Nxe4 29. Rxe4 Rxe4 30. Qxe4 Rb8 31. Qd4 Rxb3 32. Ba1 Qc5 33. Nxh6+ Kh7 34. Nxf7 Qxd4 35. Bxd4 Be7 36. h4 Rb4 37. Bc3 Rxa4 38. h5 Nh8 39. Bh3 Nxf7 40. Bf5+ Kg8 41. Be6 Kf8 42. g4 Bf6 0-1


[Site "https://www.chess.com"]

[Event "Titled Tuesday Blitz March 14 Late 2023"]
[White "Yeletsky, Ivan"]
[Black "Paravyan, David"]
[WhiteFideId "24180327"]
[BlackFideId "4194985"]
[WhiteElo "2414"]
[BlackElo "2577"]
[Result "1/2-1/2"]
[Round "04"]
[TimeControl "180+1"]
[Date "2023.03.14"]
[WhiteClock "0:00:09"]
[BlackClock "0:00:09"]

1. b4 e5 2. Bb2 Bxb4 3. Bxe5 Nf6 4. c3 Be7 5. e3 O-O 6. d4 d5 7. Bxf6 Bxf6 8. Nd2 c5 9. g3 Re8 10. Ne2 Bg4 11. h3 Bh5 12. g4 Bg6 13. Bg2 Nc6 14. O-O Bd3 15. Re1 Bxe2 16. Rxe2 b5 17. Nb3 c4 18. Nc5 Be7 19. Rb1 Rb8 20. Reb2 Bxc5 21. dxc5 a6 22. Qxd5 Ne5 23. Rd2 Nd3 24. Qxd8 Rbxd8 25. c6 Rc8 26. Kh2 Kf8 27. Kg3 Ne5 28. Rd6 Ke7 29. Rbd1 Red8 30. Rxd8 Rxd8 31. Rb1 Kd6 32. a4 bxa4 33. Ra1 Kc7 34. Rxa4 Ra8 35. Ra5 f6 36. f4 Nd3 37. Ra4 Nb2 38. Rb4 Nd1 39. Kf3 Rb8 40. Rxc4 Rb2 41. Kg3 Nxe3 42. Ra4 Rxg2+ 43. Kf3 Rh2 44. Kxe3 Rxh3+ 45. Ke4 Rxc3 46. Rxa6 Kd6 47. Ra7 g6 48. Rd7+ Kxc6 49. Rxh7 Rc4+ 50. Ke3 Rc3+ 51. Ke4 Rc4+ 52. Kf3 Rc3+ 53. Kf2 Rc4 54. Ke3 Rc3+ 55. Kd4 Rg3 56. Rf7 Rxg4 57. Rxf6+ Kd7 58. Ke3 Ke7 59. Ra6 Rg1 60. Kf3 Kf7 61. Ra7+ Kf6 62. Ra6+ Kf5 63. Ra5+ Kf6 64. Ra6+ Kg7 65. Ra7+ Kh6 66. Ra5 Rf1+ 67. Kg4 Rg1+ 68. Kf3 Rh1 69. Kg4 Rg1+ 70. Kf3 1/2-1/2


[Site "https://www.chess.com"]

[Event "Titled Tuesday Blitz March 14 Late 2023"]
[White "Yelisieiev, Yevhenii"]
[Black "Szente Varga, Fruzsina"]
[WhiteFideId "14139642"]
[BlackFideId "712264"]
[WhiteElo "2447"]
[BlackElo "1994"]
[Result "1-0"]
[Round "04"]
[TimeControl "180+1"]
[Date "2023.03.14"]
[WhiteClock "0:00:33"]
[BlackClock "0:00:08"]

1. d4 Nf6 2. Nf3 g6 3. g3 Bg7 4. Bg2 d5 5. O-O O-O 6. c3 c6 7. a4 Nbd7 8. a5 Re8 9. Qb3 e5 10. dxe5 Nxe5 11. Rd1 Ne4 12. Nxe5 Rxe5 13. Be3 h5 14. c4 h4 15. cxd5 Rxd5 16. Rxd5 cxd5 17. Nc3 d4 18. Nxe4 dxe3 19. Qxe3 hxg3 20. hxg3 Bxb2 21. Rb1 Bg7 22. a6 b6 23. Nf6+ Bxf6 24. Bxa8 Bxa6 25. Bf3 Qd7 26. Kg2 Bc4 27. Qf4 Qe6 28. Qb8+ Kg7 29. Qxa7 b5 30. Qe3 Qd6 31. Rh1 g5 32. Qe4 Qe6 33. Qh7+ Kf8 34. Rd1 Ke7 35. Qg8 Qb6 36. Qc8 Be6 37. Qa8 b4 38. Bc6 Bd4 39. Qe8+ Kf6 40. Qh8+ Ke7 41. Qe8+ Kf6 42. Rxd4 b3 43. Be4 b2 44. Qd8+ Qxd8 45. Rxd8 Ke5 46. Bb1 Bd5+ 47. Rxd5+ Kxd5 48. Kf3 Kd4 49. Kg4 f6 50. Kf5 Kc3 51. Kxf6 Kd2 52. e3 Ke2 53. e4 1-0


[Site "https://www.chess.com"]

[Event "Titled Tuesday Blitz March 14 Late 2023"]
[White "Zampronha, Wladimir Camilo"]
[Black "Ezat, Mohamed"]
[WhiteFideId "2103087"]
[BlackFideId "10600906"]
[WhiteElo "2176"]
[BlackElo "2386"]
[Result "0-1"]
[Round "04"]
[TimeControl "180+1"]
[Date "2023.03.14"]
[WhiteClock "0:00:46"]
[BlackClock "0:01:25"]

1. e4 e5 2. Nf3 Nc6 3. d4 exd4 4. Nxd4 Nf6 5. Nxc6 bxc6 6. e5 Qe7 7. Qe2 Nd5 8. c4 Nb6 9. Nc3 Qe6 10. Qe4 Bb4 11. Bd2 Ba6 12. b3 O-O 13. Bd3 g6 14. O-O Rae8 15. Rfe1 f5 16. exf6 Qxf6 17. Qxe8 Qxf2+ 18. Kh1 Qxd2 19. Qxd7 Bxc3 20. Rf1 Nxd7 0-1


[Site "https://www.chess.com"]

[Event "Titled Tuesday Blitz March 14 Late 2023"]
[White "Dubov, Daniil"]
[Black "Klose, Eli"]
[WhiteFideId "24126055"]
[BlackFideId "16242955"]
[WhiteElo "2802"]
[BlackElo "2627"]
[Result "1-0"]
[Round "04"]
[TimeControl "180+2"]
[Date "2023.03.14"]
[WhiteClock "0:02:19"]
[BlackClock "0:01:33"]

1. d4 Nf6 2. c4 c5 3. d5 b5 4. cxb5 a6 5. e3 Qa5+ 6. Bd2 Qb6 7. Nc3 Bb7 8. bxa6 Nxa6 9. e4 d6 10. Bb5+ Nd7 11. Bxd7+ Kxd7 12. Nf3 Nc7 13. O-O Ba6 14. Re1 f6 15. b4 Qxb4 16. Rb1 Qc4 17. Na4 Bb5 1-0


[Site "https://www.chess.com"]

[Event "Titled Tuesday Blitz March 14 Late 2023"]
[White "Roebers, Eline"]
[Black "Albornoz Cabrera, Carlos Daniel"]
[WhiteFideId "1058401"]
[BlackFideId "3518736"]
[WhiteElo "2543"]
[BlackElo "2501"]
[Result "0-1"]
[Round "04"]
[TimeControl "180+2"]
[Date "2023.03.14"]
[WhiteClock "0:00:42"]
[BlackClock "0:00:53"]

1. e4 c5 2. Nf3 Nc6 3. d4 cxd4 4. Nxd4 Nf6 5. Nc3 e5 6. Ndb5 d6 7. Bg5 a6 8. Na3 b5 9. Bxf6 gxf6 10. Nd5 f5 11. g3 fxe4 12. Bg2 Bg7 13. Bxe4 O-O 14. Ne3 Bb7 15. Qh5 h6 16. Nf5 Qf6 17. O-O-O Rad8 18. h4 Na5 19. Bxb7 Nxb7 20. Qf3 e4 21. Qg4 Qxb2+ 22. Kd2 Qf6 23. Rhe1 Rfe8 24. Re3 d5 25. c3 Nd6 26. Nxd6 Rxd6 27. Nc2 Qxf2+ 28. Re2 Qf6 29. Nd4 Qg6 30. Qxg6 fxg6 0-1


[Site "https://www.chess.com"]

[Event "Titled Tuesday Blitz March 14 Late 2023"]
[White "Atakhan, Abtin"]
[Black "TimGrutter03"]
[WhiteFideId "22502203"]
[WhiteElo "2008"]
[BlackElo "2508"]
[Result "1/2-1/2"]
[Round "04"]
[TimeControl "180+2"]
[Date "2023.03.14"]
[WhiteClock "0:00:59"]
[BlackClock "0:00:37"]

1. c4 g6 2. Nc3 Bg7 3. Nf3 Nf6 4. e4 d6 5. d4 O-O 6. Be2 e5 7. O-O exd4 8. Nxd4 Re8 9. f3 c6 10. Be3 d5 11. cxd5 cxd5 12. Bb5 Bd7 13. Qb3 Nc6 14. Rad1 Qc7 15. Nxd5 Nxd5 16. Qxd5 Rad8 17. Qc4 Be5 18. h3 Nxd4 19. Qxc7 Bxc7 20. Bxd7 Rxd7 21. Rxd4 Rxd4 22. Bxd4 Rd8 23. Rc1 Bf4 24. Bf6 Bxc1 25. Bxd8 Bxb2 26. Kf2 Kf8 27. Ke2 Ke8 28. Bg5 Kd7 29. Kd3 Kc6 30. Be3 a5 31. Kc4 b5+ 32. Kb3 Be5 33. a4 Bd6 34. Bd4 Bc7 35. Be3 h5 36. Bf2 Bd6 37. Be1 Bc7 38. Bf2 Bd6 39. Bd4 Bc7 40. Bf2 1/2-1/2


[Site "https://www.chess.com"]

[Event "Titled Tuesday Blitz March 14 Late 2023"]
[White "Piesik, Piotr"]
[Black "Becham, Khalid"]
[WhiteFideId "1136194"]
[BlackFideId "9000275"]
[WhiteElo "2311"]
[BlackElo "2081"]
[Result "1-0"]
[Round "04"]
[TimeControl "180+2"]
[Date "2023.03.14"]
[WhiteClock "0:02:15"]
[BlackClock "0:02:01"]

1. Nf3 f5 2. d3 Nc6 3. d4 e6 4. Nbd2 Nf6 5. c3 d5 6. Nb3 Bd6 7. Bg5 O-O 8. e3 Bd7 9. Nc1 Be8 10. Nd3 Bh5 11. Be2 Bxf3 12. Bxf3 h6 13. Bf4 Ne7 14. h3 Qd7 15. g4 Kh8 16. Qe2 Ne4 17. Ne5 c5 18. gxf5 exf5 19. Nxd7 1-0


[Site "https://www.chess.com"]

[Event "Titled Tuesday Blitz March 14 Late 2023"]
[White "babbilator"]
[Black "Mihajlov, Sebastian"]
[BlackFideId "1512110"]
[WhiteElo "2232"]
[BlackElo "2464"]
[Result "0-1"]
[Round "04"]
[TimeControl "180+2"]
[Date "2023.03.14"]
[WhiteClock "0:01:23"]
[BlackClock "0:02:51"]

1. e4 e6 2. Nc3 d5 3. d4 Nf6 4. e5 Nfd7 5. f4 c5 6. Nf3 Nc6 7. Be3 h6 8. Qd2 g5 9. fxg5 cxd4 10. Nxd4 Ndxe5 11. Be2 hxg5 12. Bxg5 Bh6 13. Bxh6 Qh4+ 14. g3 Qxh6 15. O-O-O Nxd4 16. Qxh6 Nxe2+ 0-1


[Site "https://www.chess.com"]

[Event "Titled Tuesday Blitz March 14 Late 2023"]
[White "slow_jamz"]
[Black "Costachi, Mihnea"]
[BlackFideId "1217518"]
[WhiteElo "2469"]
[BlackElo "2456"]
[Result "0-1"]
[Round "04"]
[TimeControl "180+2"]
[Date "2023.03.14"]
[WhiteClock "0:00:01"]
[BlackClock "0:00:52"]

1. d4 g6 2. c4 Bg7 3. Nc3 d6 4. e4 Nc6 5. Nge2 e5 6. Be3 Nf6 7. f3 O-O 8. Qd2 Re8 9. d5 Ne7 10. g4 c6 11. Ng3 cxd5 12. cxd5 Rf8 13. h4 b5 14. Bxb5 Rb8 15. Bxa7 Ra8 16. Be3 Ba6 17. Be2 Qa5 18. h5 Rfb8 19. Bxa6 Rxa6 20. hxg6 fxg6 21. g5 Nd7 22. Rc1 Qb4 23. Rc2 Nc8 24. O-O Ncb6 25. b3 Rba8 26. Rfc1 Nc5 27. Kf2 Nbd7 28. Ke2 Qb7 29. Rb1 Rb6 30. Rcb2 Qa6+ 31. Kd1 Rb4 32. a3 Rb7 33. b4 Na4 34. Rb3 Ndb6 35. Nxa4 Qxa4 36. Bxb6 Rxb6 37. Ke1 Qd7 38. Rc1 Qh3 39. Nf1 Rf8 40. Qe2 Qh4+ 41. Qf2 Qxg5 42. Rc7 Rbb8 43. b5 Bf6 44. Rc6 Qh6 45. b6 Bh4 46. Ng3 Qf4 47. Ke2 Bxg3 48. Qe3 Qh4 49. b7 Qh2+ 50. Kd3 Qg2 51. Kc4 Qc2+ 52. Qc3 Qe2+ 53. Qd3 Qf2 54. a4 Qa7 55. Rcb6 Bf2 0-1


[Site "https://www.chess.com"]

[Event "Titled Tuesday Blitz March 14 Late 2023"]
[White "Romkachess"]
[Black "Mazurkiewicz, Michal"]
[BlackFideId "1124943"]
[WhiteElo "2568"]
[BlackElo "2054"]
[Result "0-1"]
[Round "04"]
[TimeControl "180+2"]
[Date "2023.03.14"]
[WhiteClock "0:00:04"]
[BlackClock "0:00:07"]

1. e4 d6 2. d4 Nf6 3. Nc3 c6 4. f3 e5 5. Be3 Be7 6. Qd2 O-O 7. O-O-O b5 8. g4 Qc7 9. h4 a5 10. h5 a4 11. g5 Nfd7 12. g6 b4 13. Nce2 Nb6 14. Ng3 b3 15. cxb3 axb3 16. a3 c5 17. dxe5 dxe5 18. Nf5 Bxf5 19. exf5 c4 20. Bxb6 Qxb6 21. h6 c3 22. gxh7+ Kh8 23. hxg7+ Kxg7 24. Qxc3 Nc6 25. Kb1 Nd4 26. f4 Bf6 27. Qg3+ Kh8 28. fxe5 Qc6 29. Bd3 Qxh1 30. exf6 Qxh7 31. Nf3 Rg8 32. Ng5 Nxf5 33. Bxf5 Qxf5+ 34. Ka1 Rxg5 35. Rh1+ Kg8 36. Qh4 Qxf6 37. Qh7+ Kf8 38. Qh2 Rxa3+ 39. Kb1 Ra1+ 40. Kxa1 Qa6+ 41. Kb1 Qd3+ 42. Kc1 Rc5+ 0-1


[Site "https://www.chess.com"]

[Event "Titled Tuesday Blitz March 14 Late 2023"]
[White "Rasulov, Vugar"]
[Black "DeyanKostov"]
[WhiteFideId "13402390"]
[WhiteElo "2509"]
[BlackElo "2329"]
[Result "1-0"]
[Round "04"]
[TimeControl "180+2"]
[Date "2023.03.14"]
[WhiteClock "0:00:16"]
[BlackClock "0:00:20"]

1. e4 c5 2. Nf3 d6 3. Bb5+ Nd7 4. Ba4 Nf6 5. O-O g6 6. Re1 Bg7 7. c3 O-O 8. h3 a6 9. d4 b5 10. Bc2 cxd4 11. cxd4 Bb7 12. Nc3 Rc8 13. a3 e6 14. Bg5 h6 15. Bf4 Qe7 16. Qd2 Kh7 17. Rad1 Rfd8 18. h4 Nb6 19. Bd3 Nc4 20. Qe2 Nxa3 21. e5 dxe5 22. Nxe5 Nc4 23. h5 Nxe5 24. Bxe5 Ng8 25. hxg6+ fxg6 26. Bxg7 Kxg7 27. Qg4 Qg5 28. Qxg5 hxg5 29. Rxe6 Rc6 30. Rxc6 Bxc6 31. Be4 Bxe4 32. Nxe4 g4 33. Kh2 Nf6 34. Nc5 Rd6 35. Kg3 a5 36. Kf4 Nd7 37. Ne4 Rd5 38. Kxg4 Nf6+ 39. Nxf6 Kxf6 40. Kf4 a4 41. Ke4 Rd8 42. d5 b4 43. Rd3 Ra8 44. d6 Ke6 45. d7 Ke7 46. Rd4 a3 47. d8=Q+ Rxd8 48. Rxb4 axb2 49. Rxb2 Kf6 50. Rb6+ Kg5 51. f4+ Kh5 52. g4+ Kxg4 53. Rxg6+ Kh5 54. f5 Ra8 55. Rd6 Ra4+ 56. Ke5 Ra1 57. Kf6 Kh6 58. Ke7+ Kh7 59. f6 Ra7+ 60. Rd7 Ra1 61. f7 Re1+ 62. Kf8 Rf1 63. Rd2 Rf3 64. Rh2+ Kg6 65. Kg8 Rxf7 66. Rg2+ Kh6 67. Kxf7 Kh5 68. Kf6 Kh4 69. Rg5 Kh3 70. Kf5 Kh4 71. Kf4 Kh3 72. Rg4 Kh2 73. Rg3 Kh1 74. Kf3 Kh2 75. Kf2 Kh1 76. Rh3# 1-0


[Site "https://www.chess.com"]

[Event "Titled Tuesday Blitz March 14 Late 2023"]
[White "marik_spb"]
[Black "Saveliev, Alexei"]
[BlackFideId "24128546"]
[WhiteElo "2414"]
[BlackElo "2271"]
[Result "0-1"]
[Round "04"]
[TimeControl "180+2"]
[Date "2023.03.14"]
[WhiteClock "0:00:01"]
[BlackClock "0:00:04"]

1. d4 g6 2. c4 Bg7 3. Nf3 d6 4. g3 Nc6 5. Bg2 e5 6. dxe5 Nxe5 7. Nxe5 Bxe5 8. O-O Ne7 9. Nc3 O-O 10. e4 Be6 11. Nd5 Bxd5 12. cxd5 c5 13. dxc6 bxc6 14. f4 Bg7 15. Kh1 Rb8 16. Rb1 c5 17. Qa4 Qc7 18. f5 Be5 19. f6 Nc6 20. Qd1 Nd4 21. Qg4 Rb6 22. Qh4 Kh8 23. Bf4 Rg8 24. Bh6 g5 25. Bg7+ Rxg7 26. fxg7+ Bxg7 27. Qxg5 Ne6 28. Qd5 Be5 29. Rf2 Qe7 30. Rbf1 f6 31. Bh3 Nd4 32. Qa8+ Kg7 33. b3 Rb4 34. Qc8 h5 35. Bf5 Nb5 36. Qe6 Qxe6 37. Bxe6 Rxe4 38. Bc4 Nd4 39. Bd3 Re3 40. Bc2 Rc3 41. Bd1 c4 42. bxc4 Rxc4 43. Bxh5 Rb4 44. Bg4 Nc6 45. Kg2 Rxg4 46. Rc1 Nd4 47. Rc7+ Kg6 48. Rxa7 Re4 49. a4 Re1 50. a5 Ra1 51. a6 Nf5 52. g4 Nh4+ 53. Kh3 Bd4 54. Rd2 Bxa7 55. Kxh4 Rxa6 56. Kg3 Bc5 57. Rd3 Ra4 58. h4 Rd4 59. Rf3 Re4 60. Kh3 Re3 61. Kg3 Rxf3+ 62. Kxf3 d5 63. Kf4 Bd6+ 64. Kf3 Be5 65. Ke3 Bg3 0-1


[Site "https://www.chess.com"]